 Dungeon Crawl Stone Soup version 0.28.0-53-g5a82cb258f (webtiles) character file.

Game seed: 17617956679758825684

7365 deddoed the Basher (level 10, -2/77 HPs)
             Began as a Demonspawn Berserker on June 21, 2022.
             Was a High Priest of Trog.
             Slain by Erolcha
             ... wielding a +0 giant club
              (4 damage)
             ... on level 9 of the Dungeon.
             The game lasted 00:57:34 (10919 turns).

deddoed the Basher (Demonspawn Berserker)          Turns: 10919, Time: 00:57:34

Health: -2/77      AC: 18    Str: 28    XL:     10   Next: 91%
Magic:  10/10      EV: 10    Int:  8    God:    Trog [*****.]
Gold:   281        SH:  4    Dex: 16    Spells: 9/9 levels left

rFire   . . .      SeeInvis .   o - +4 great mace (protect)
rCold   . . .      Faith    .   (shield currently unavailable)
rNeg    . . .      Spirit   .   d - +0 chain mail
rPois   .          Reflect  .   (no helmet)
rElec   .          Harm     .   (no cloak)
rCorr   .          Rampage  .   a - +0 pair of gloves {Dex+3}
Will    +....                   (no boots)
Stlth   ..........              e - amulet of the acrobat
HPRegen 0.22/turn               n - ring of willpower
MPRegen 0.12/turn               y - +6 ring of strength

@: under a protective aura
A: large bone plates 1, foul stench 1, spiny 2
a: Renounce Religion, Berserk, Trog's Hand, Brothers in Arms


You were on level 9 of the Dungeon.
You worshipped Trog.
Trog was extremely pleased with you.
You visited 2 branches of the dungeon, and saw 10 of its levels.

You collected 590 gold pieces.
You spent 309 gold pieces at shops.

Inventory:

Hand Weapons
 g - a +2 rapier of distortion
 o - a +4 great mace of protection (weapon)
 w - a +0 war axe
Armour
 a - a +0 pair of gloves of dexterity (worn)
 b - a +0 animal skin
 d - a +0 chain mail (worn)
 f - a +0 ring mail
Jewellery
 e - an amulet of the acrobat (around neck)
 n - a ring of willpower (left hand)
 p - a ring of positive energy
 y - a +6 ring of strength (right hand)
 B - a +4 ring of protection
Wands
 m - a wand of polymorph (1)
 q - a wand of flame (26)
 r - a wand of mindburst (4)
Scrolls
 i - a scroll of teleportation
 j - 3 scrolls of identify
 l - a scroll of silence
 A - a scroll of vulnerability
Potions
 c - 2 potions of resistance
 h - a potion of heal wounds {unknown}
 k - a potion of might {unknown}
 s - 2 potions of lignification
 t - 2 potions of flight
 u - a potion of curing
 v - a potion of berserk rage
 x - a potion of cancellation {unknown}
 z - a potion of brilliance {unknown}


   Skills:
 + Level 6.5 Fighting
 * Level 12.9 Maces & Flails
 + Level 6.2 Armour
 + Level 3.6 Dodging
 + Level 1.1 Stealth
 + Level 1.1 Shields


You had 9 spell levels left.
You didn't know any spells.
Your spell library was empty.

Dungeon Overview and Level Annotations

Branches:
Dungeon (9/15)             Temple (1/1) D:5
   Lair: D:8-11         Orc: D:9-12

Altars:
Ashenzari
Cheibriados
Dithmenos
Elyvilon
Fedhas
Gozag
Hepliaklqana
Kikubaaqudgha
Makhleb
Nemelex Xobeh
Qazlal
Ru
Trog
Uskayaw
Vehumet
Xom
Yredelemnul
Zin

Shops:
D:2 (   D:4 [*   D:6 [   D:8 !

Annotations:
D:9 Erolcha


Innate Abilities, Weirdness & Mutations

You are partially covered in large bone plates. (SH +4)
You may rarely emit foul miasma when damaged in melee.
You are mostly covered in sharp spines.


Message History

Something hits you!
You sock the yak!
The yak is heavily wounded.
The yak is struck by your spines. The yak closely misses you.
Something hits you!
You thump the yak!
The yak is almost dead.
The yak is struck by your spines.
You kill the yak!
Trog accepts your kill. Something hits you but does no damage.
You bludgeon the yak!!
The yak is severely wounded.
Something hits you but does no damage. The yak gores you but does no damage.
You bludgeon the yak!!
You kill the yak!
Trog accepts your kill. Something hits you.
You sock the yak!
The yak is moderately wounded.
The yak is struck by your spines. The yak gores you. Something hits you!
You hit the yak.
The yak is severely wounded.
You block the yak's attack.
You hear some strange, mumbled words.
Something tries to affect you, but you resist.
You hit the yak.
The yak is severely wounded.
The yak gores you!
* * * LOW HITPOINT WARNING * * *
Something hits you!
* * * LOW HITPOINT WARNING * * *
You feel better. You block the yak's attack. Something hits you!
* * * LOW HITPOINT WARNING * * *
You barely miss the yak.
The yak is severely wounded.
The yak gores you!
* * * LOW HITPOINT WARNING * * *
Something hits you.
You die...

########.# #.....................
.........###.#.#...#...###.######
#######............#.#####.##
###(#.##.......# ##.#.##
##.#####...#####.###.#### #.# #
#.#.# ##.## ##.... #### #.#
#...#...##..###.#### †..# #.#
#.#####.##.#.#.### ##.# #.#
#.{@#...#........# #.# ###Y#.#
#.######.# #...# #.# .# ##..###.#
# #.......# ###...###.#
#........Y######
#>..........Y.Y.Y..
#.#......?##.###..)


You could see a yak.

Vanquished Creatures
  A two-headed ogre (D:7)
  An ugly thing (D:7)
  Maggie (D:8)
  Psyche (D:9)
  A kobold demonologist (D:6)
  Prince Ribbit (D:7)
  A wyvern (D:9)
  The ghost of PanSaczeczos the Sneak, an amateur NaBr (D:6)
  5 yaks (D:9)
  A steam dragon (D:7)
  3 water moccasins (D:7)
  A sky beast (D:6)
  A black bear (D:7)
  A hornet zombie (D:7)
  2 necrophages
  4 ogres
  3 centaurs
  2 phantoms
  A gnoll sergeant (D:7)
  9 kobold brigands
  7 bullfrogs
  2 wyvern zombies
  2 scorpions (D:5)
  A wyvern skeleton (D:7)
  3 killer bees (D:8)
  2 howler monkeys
  8 wights
  4 centaur zombies
  A bullfrog skeleton (D:6)
  A hound (D:6)
  2 orc priests (D:4)
  Jessica (D:3)
  3 centaur skeletons
  5 iguanas
  5 orc wizards
  Natasha (thrice) (D:3)
  A hound skeleton (D:4)
  A gnoll (D:7)
  8 adders
  A white imp (D:5)
  An ufetubus (D:7)
  A worm (D:4)
  3 dart slugs
  13 orcs
  8 ball pythons
  4 bats
  7 endoplasms
  5 giant cockroaches
  10 goblins
  14 hobgoblins
  6 jackals
  5 quokkas
  4 frilled lizards
  14 kobolds
  8 rats
205 creatures vanquished.

Vanquished Creatures (others)
  5 fungi
  3 plants
8 creatures vanquished.

Grand Total: 213 creatures vanquished

Notes
Turn   | Place    | Note
-------+----------+-------------------------------------------
     0 | D:1      | deddoed the Demonspawn Berserker began the quest for the
                  | Orb.
     0 | D:1      | Reached XP level 1. HP: 18/18 MP: 1/1
   193 | D:1      | Gained mutation: You may rarely emit foul miasma when
                  | damaged in melee. [demonic ancestry]
   193 | D:1      | Reached XP level 2. HP: 24/24 MP: 2/2
   207 | D:1      | Reached skill level 3 in Maces & Flails
   453 | D:1      | Reached XP level 3. HP: 22/29 MP: 3/3
   453 | D:1      | Reached ** piety under Trog
   761 | D:2      | Found Ytiwuto's Antique Weapon Shoppe.
   946 | D:2      | Gained mutation: You are partially covered in sharp spines.
                  | [demonic ancestry]
   946 | D:2      | Reached XP level 4. HP: 32/35 MP: 4/4
  1140 | D:2      | Reached skill level 4 in Maces & Flails
  1251 | D:2      | Found a faded altar of an unknown god.
  1484 | D:3      | Noticed Jessica
  1487 | D:3      | Killed Jessica
  1760 | D:3      | Reached XP level 5. HP: 37/41 MP: 5/5
  1821 | D:3      | Reached *** piety under Trog
  1941 | D:3      | Noticed Natasha
  1949 | D:3      | Killed Natasha
  1990 | D:3      | Found a sparkling altar of Nemelex Xobeh.
  2208 | D:3      | Noticed Natasha
  2228 | D:3      | Killed Natasha
  2299 | D:3      | Noticed Natasha
  2311 | D:3      | Killed Natasha
  3031 | D:4      | Noticed an ogre
  3041 | D:4      | Killed an ogre
  3042 | D:4      | Reached skill level 5 in Maces & Flails
  3042 | D:4      | Reached XP level 6. HP: 25/48 MP: 6/6
  3117 | D:4      | HP: 2/48 [iguana (10)]
  3504 | D:4      | Reached skill level 6 in Maces & Flails
  3752 | D:4      | Reached XP level 7. HP: 53/53 MP: 7/7
  3832 | D:4      | Found Qaan Lonutargh's Antique Armour Boutique.
  4064 | D:2      | Bought a runed great mace for 152 gold pieces
  4207 | D:4      | Found Erifell's General Store.
  4323 | D:4      | Bought a potion of curing for 42 gold pieces
  4608 | D:5      | Entered Level 5 of the Dungeon
  4630 | D:5      | Found a shadowy altar of Dithmenos.
  4633 | D:5      | Found a radiant altar of Vehumet.
  4635 | D:5      | Found a shimmering altar of Xom.
  4737 | D:5      | Found a staircase to the Ecumenical Temple.
  4755 | Temple   | Entered the Ecumenical Temple
  5695 | D:5      | Reached skill level 7 in Maces & Flails
  5829 | D:5      | Found a blossoming altar of Fedhas.
  5852 | D:5      | Gained mutation: You are mostly covered in sharp spines.
                  | [demonic ancestry]
  5852 | D:5      | Reached XP level 8. HP: 60/60 MP: 8/8
  6164 | D:6      | Noticed a kobold demonologist
  6225 | D:6      | Found a runed translucent gate.
  6225 | D:6      | Found a runed translucent gate.
  6226 | D:6      | Found a runed translucent gate.
  6228 | D:6      | Noticed PanSaczeczos's ghost (amateur NaBr)
  6288 | D:6      | Reached **** piety under Trog
  6369 | D:6      | Killed a kobold demonologist
  6370 | D:6      | Reached skill level 8 in Maces & Flails
  6375 | D:6      | Killed PanSaczeczos's ghost
  6376 | D:6      | Reached skill level 9 in Maces & Flails
  6387 | D:6      | Reached skill level 5 in Fighting
  6387 | D:6      | Gained mutation: You are partially covered in large bone
                  | plates. (SH +4) [demonic ancestry]
  6387 | D:6      | Reached XP level 9. HP: 24/63 MP: 9/9
  7014 | D:6      | Reached skill level 10 in Maces & Flails
  7533 | D:6      | Found Zulon's Armour Boutique.
  7538 | D:6      | Bought a +0 pair of gloves of dexterity for 115 gold pieces
  7618 | D:7      | Noticed a purple ugly thing
  7634 | D:7      | Killed a purple ugly thing
  7665 | D:7      | Reached skill level 11 in Maces & Flails
  7728 | D:7      | Reached skill level 5 in Armour
  7815 | D:7      | Found an opulent altar of Gozag.
  7843 | D:7      | Found a stormy altar of Qazlal.
  8144 | D:7      | Reached XP level 10. HP: 76/76 MP: 10/10
  8455 | D:7      | Noticed a two-headed ogre
  8678 | D:7      | Found a sacrificial altar of Ru.
  8807 | D:7      | Killed a two-headed ogre
  9133 | D:7      | Noticed Prince Ribbit
  9142 | D:7      | Killed Prince Ribbit
  9143 | D:7      | Reached skill level 12 in Maces & Flails
  9561 | D:8      | Reached ***** piety under Trog
  9702 | D:8      | Noticed Maggie
  9712 | D:8      | Killed Maggie
  9713 | D:8      | Reached skill level 1 in Shields
 10097 | D:8      | Found a broken altar of Ashenzari.
 10343 | D:8      | Found Hiapi's Distillery.
 10807 | D:9      | Noticed Psyche
 10814 | D:9      | Killed Psyche
 10815 | D:9      | Reached skill level 1 in Stealth
 10894 | D:9      | Noticed Erolcha
 10919 | D:9      | HP: 2/77 [yak (8)]
 10919 | D:9      | Slain by Erolcha

Illustrated notes

Levels and vault maps discovered:
D:1:      dpeg_arrival_long_road, layout_loops_ring
D:2:      layout_loops_corners, shapermc_ecumenical_altar_ellora, serial_shops,
          shop
D:3:      layout_loops_ring, lemuel_crystal_altar, uniq_jessica, uniq_natasha
D:4:      layout_basic, serial_shops, nicolae_inconvenience_store, shop_coins
D:5:      wad_pebble_path, layout_loops_corners,
          gammafunk_temple_overflow_forgotten, fedhas_altar_2,
          minmay_temple_entry_gardened_gates
D:6:      layout_loops_ring, serial_shops, kennysheep_mini_moat,
          gammafunk_ghost_nasty_kobolds
D:7:      minmay_octagon_keep, layout_layer_cave,
          nicolae_ru_great_annihilating_truth, grunt_gozag_statues,
          lemuel_doored_altar, minmay_misc_feat_iff,
          chequers_serial_rivers_marsh, minmay_fractal_squares_gapless_5,
          uniq_prince_ribbit1
D:8:      layout_basic, amcnicky_altar_gilded, serial_shops, shop,
          enter_bailey_4, minivault_4, chequers_serial_rivers_large_a,
          minivault_27, uniq_maggie
D:9:      layout_loops_ring, general_overflow_altar, lemuel_blue_sif_altar,
          mainiacjoe_overflow_alcove_4, uniq_erolcha, uniq_psyche
Temple:   compressed_dpeg_triangle_lava_temple

Skill      XL: |  1  2  3  4  5  6  7  8  9 10 |
---------------+-------------------------------+-----
Maces & Flails | 3 4 5 6 7 9 11 12 | 12.9
Dodging        | 2 3 |  3.6
Armour         | 2 3 4 5 6 |  6.2
Fighting       | 4 5 6 |  6.5
Shields        | 1 |  1.1
Stealth        | 1 |  1.1

Action                   |  1- 3 |  4- 6 |  7- 9 | 10-12 || total
-------------------------+-------+-------+-------+-------++-------
Melee: Mace              |   107 |   113 |    30 |       ||   250
       Punch             |     4 |       |       |       ||     4
       Great mace        |       |       |   157 |   104 ||   261
Invok: Trog's Hand       |       |       |     1 |       ||     1
       Berserk           |       |       |       |     1 ||     1
  Use: Scroll            |       |     2 |     5 |     6 ||    13
       Potion            |       |       |     1 |     1 ||     2
 Stab: Paralysed         |       |       |       |     1 ||     1
Armor: Animal skin       |     7 |       |       |       ||     7
       Chain mail        |    35 |     1 |    98 |    42 ||   176
       Ring mail         |    11 |    17 |       |       ||    28
Dodge: Dodged            |    58 |    71 |   114 |    66 ||   309
Block: Other             |       |       |    19 |    26 ||    45
